 Dungeon Crawl Stone Soup version 0.27-a0-1548-gf8a67e7463 (webtiles) character file.

Game seed: 17556595996092399179

75 wotkd0121004 the Sneak (level 4, 0/27 HPs)
             Began as an Octopode Earth Elementalist on July 13, 2021.
             Slain by a hobgoblin (4 damage)
             ... on level 3 of the Dungeon.
             The game lasted 00:02:32 (2608 turns).

wotkd0121004 the Sneak (OpEE)                       Turns: 2608, Time: 00:02:33

Health: 0/27       AC:  1    Str:  7    XL:     4   Next: 31%
Magic:  0/8        EV: 10    Int: 18    God:
Gold:   132        SH:  0    Dex: 12    Spells: 7/8 levels left

rFire    . . .     SeeInvis .   k - +1 dagger (freeze)
rCold    . . .     Faith    .   (no shield)
rNeg     . . .     Spirit   .   (helmet restricted)
rPois    .         Reflect  .   (no amulet)
rElec    .         Harm     .   (no ring)
rCorr    .         Rampage  .   (no ring)
Will     .....                  (no ring)
Stlth    +++.......             (no ring)
HPRegen  0.09/turn              (no ring)
MPRegen  0.11/turn              (no ring)
                                (no ring)
                                (no ring)

@: constricted
A: almost no armour, amphibious, 8 rings, camouflage 1, gelatinous body 1,
(nimble swimmer 1), tentacles
a: no special abilities


You were on level 3 of the Dungeon.
You visited 1 branch of the dungeon, and saw 3 of its levels.

You collected 132 gold pieces.

Inventory:

Hand Weapons
 k - a +1 dagger of freezing (weapon)
Missiles
 b - 56 stones
Jewellery
 h - a ring of positive energy
 j - a ring of fire
Scrolls
 c - a scroll of enchant weapon {unknown}
 d - a scroll of summoning {unknown}
 f - 2 scrolls of amnesia {unknown}
 i - 2 scrolls of identify {unknown}
Potions
 a - a potion of ambrosia {unknown}
 e - a potion of flight {unknown}
 g - 2 potions of brilliance {unknown}


   Skills:
 + Level 2.4 Dodging
 + Level 3.4 Stealth
 * Level 2.6 Spellcasting
 * Level 2.3 Transmutations
 + Level 3.2 Earth Magic


You had 7 spell levels left.
You knew the following spells:

 Your Spells              Type           Power      Damage    Failure   Level
a - Sandblast             Erth           28%        2d8       4%          1

Your spell library contained the following spells:

 Spells                   Type           Power      Damage    Failure   Level
 Passwall                 Tmut/Erth      10%        N/A       9%          2
 Stone Arrow              Conj/Erth      16%        3d8       26%         3
 Gell's Gravitas          Tloc           1%         N/A       45%         3
 Teleport Other           Tloc           2%         N/A       45%         3
 Petrify                  Tmut/Erth      12%        N/A       47%         4
 Dispersal                Tloc           1%         N/A       100%        6


Dungeon Overview and Level Annotations

Branches:
Dungeon (3/15)

Altars:


Innate Abilities, Weirdness & Mutations

You cannot wear most types of armour.
You are amphibious.
You can wear up to eight rings at the same time.
Your skin changes colour to match your surroundings (Stealth+).
Your rubbery body absorbs attacks. (AC +1, EV +1)
((You are camouflaged near water. (Stealth+)))
You have tentacles for arms and can constrict up to eight enemies at once.


Message History

Casting: Sandblast (safe; 4% risk of failure)
Confirm with . or Enter, or press ? or * to list all spells.
Aiming: Sandblast (safe; 4% risk of failure)
Press: ? - help, Shift-Dir - straight line, f/p - orc
Aim: an orc, wielding a +0 whip (severely wounded, 79% to hit)
The blast of sand hits the orc!
You kill the orc!
Casting: Sandblast (safe; 4% risk of failure)
Confirm with . or Enter, or press ? or * to list all spells.
You don't have enough magic to cast this spell.
Unknown command.
Unknown command.
You completely miss the hobgoblin. Your grab misses the hobgoblin.
You squeeze the hobgoblin.
The hobgoblin is almost dead.
The hobgoblin misses you.
You barely miss the hobgoblin. Your grab misses the hobgoblin.
The hobgoblin is almost dead.
The hobgoblin hits you.
Casting: Sandblast (safe; 4% risk of failure)
Confirm with . or Enter, or press ? or * to list all spells.
Aiming: Sandblast (safe; 4% risk of failure)
Press: ? - help, Shift-Dir - straight line, f - orc priest
Aim: an orc priest, wielding a +0 dagger and wearing a +0 scale mail (82% to hit)
The blast of sand hits the orc priest but does no damage.
The hobgoblin closely misses you.
Unknown command.
You hit the orc priest but do no damage.
Your grab misses the orc priest. Your squeeze misses the orc priest.
The orc priest hits you with a +0 dagger.
* * * LOW HITPOINT WARNING * * *
The hobgoblin barely misses you.
You hit the orc priest. You freeze the orc priest. You grab the orc priest.
The orc priest is moderately wounded.
You constrict the orc priest, but do no damage.
The orc priest miscasts a cantrip.
The ball python misses you. The ball python grabs you.
* * * LOW HITPOINT WARNING * * *
The ball python constricts you. The hobgoblin hits you.
You die...

............!....
.....<..............
...................
..................#
.......<.<........# #
.......(.....#....##.#
.............#.......#
......#......#).......
.........†....@.....#
....#........ogS....#
....#.................
... #........###......
......##... #+####
....### #...# ....
....# .. .....#


You could see an orc priest, a hobgoblin and a ball python.

Vanquished Creatures
  3 adders (D:2)
  3 orcs (D:3)
  6 ball pythons
  3 endoplasms
  A giant cockroach (D:1)
  9 goblins
  5 hobgoblins
  3 kobolds
  3 bats
  3 frilled lizards
  6 rats
45 creatures vanquished.

Notes
Turn   | Place    | Note
-------+----------+-------------------------------------------
     0 | D:1      | wotkd0121004 the Octopode Earth Elementalist began the
                  | quest for the Orb.
     0 | D:1      | Reached XP level 1. HP: 11/11 MP: 3/3
   224 | D:1      | Reached XP level 2. HP: 17/17 MP: 5/5
  1480 | D:2      | Reached XP level 3. HP: 21/21 MP: 6/6
  1980 | D:2      | Found a faded altar of an unknown god.
  2009 | D:2      | Reached XP level 4. HP: 19/27 MP: 4/7
  2608 | D:3      | Slain by a hobgoblin

Illustrated notes

Levels and vault maps discovered:
D:1:      dpeg_chamrin_arrival_tetris, layout_loops_ring, roderic_filled_cross
D:2:      minmay_inner_zag, layout_basic, chequers_ecumenical_altar_grove
D:3:      layout_basic, minmay_lizard_king, uniq_natasha

Skill      XL: |  1  2  3 |
---------------+----------+-----
Stealth        | 3 |  3.4
Transmutations | 2 |  2.3
Dodging        | |  2.4
Spellcasting   | |  2.6
Earth Magic    | |  3.2

Action                   |  1- 3 |  4- 6 || total
-------------------------+-------+-------++-------
Melee: Unarmed           |    16 |       ||    16
       Constrict         |    17 |     3 ||    20
       Tentacles         |    12 |     4 ||    16
       Dagger            |    59 |    17 ||    76
 Cast: Sandblast         |     7 |     8 ||    15
 Stab: Sleeping          |    10 |     1 ||    11
Armor: Skin              |     3 |       ||     3
Dodge: Dodged            |    50 |    11 ||    61

Table legend: (Time is in decaauts)
 A = Elapsed time spent in this place.
 B = Non-inter-level travel time spent in this place.
 C = Inter-level travel time spent in this place.
 D = Time resting spent in this place.
 E = Time spent auto-exploring this place.
 F = Levels seen in this place.
 G = Mean time per level.
                   A        B        C        D        E       F      G
               +--------+--------+--------+--------+--------+-----+--------+
         Total |   2606 |   2508 |     98 |    147 |   2076 |   3 |  868.7 |
       Dungeon |   2606 |   2508 |     98 |    147 |   2076 |   3 |  868.7 |
               +--------+--------+--------+--------+--------+-----+--------+

Top non-repeatable levels by time:
     D:2: 1332 daAuts
     D:1: 1251 daAuts
     D:3: 22 daAuts
